 Dungeon Crawl Stone Soup version 0.18.1-8-gdd0e5ea (webtiles) character file.

255 Shearov the Skirmisher (level 5, -1/46 HPs)
             Began as a Centaur Fighter on May 31, 2016.
             Killed by nerve-wracking pain
             ... invoked by Grinder
              (11 damage)
             ... on level 3 of the Dungeon.
             The game lasted 00:06:44 (2382 turns).

Shearov the Skirmisher (Centaur Fighter)            Turns: 2382, Time: 00:06:45

Health: -1/46      AC:  9    Str: 24    XL:     5   Next: 91%
Magic:  5/5        EV:  6    Int:  8    God:
Gold:   122        SH:  9    Dex:  8    Spells: 0 memorised, 4 levels left

rFire  . . .     SeeInvis .     a - +0 trident
rCold  . . .     Gourm    .     b - +0 scale mail
rNeg   . . .     Faith    .     c - +0 shield
rPois  .         Spirit   .     e - +2 hat
rElec  .         Dismiss  +     m - +0 cloak
rCorr  .         Reflect  .     (no gloves)
SustAt .         Harm     .     (no barding)
MR     .....                    n - amulet of dismissal
Stlth  ..........               (no ring)
                                r - ring of wizardry

@: mighty, very quick, not resistant to hostile enchantments, extremely
unstealthy
A: hooves 3, deformed body, speed 2, tough skin 3
a: no special abilities


You were on level 3 of the Dungeon.
You were not hungry.

You visited 1 branch of the dungeon, and saw 3 of its levels.

You collected 122 gold pieces.

Inventory:

Hand Weapons
 a - a +0 trident (weapon)
Armour
 b - a +0 scale mail (worn)
 c - a +0 shield (worn)
 e - a +2 hat (worn)
 m - a +0 cloak (worn)
Jewellery
 n - an amulet of dismissal (around neck)
 r - a ring of wizardry (left hand)
Scrolls
 g - a scroll of identify
 h - a scroll of noise {unknown}
 i - a scroll of random uselessness {unknown}
 j - a scroll of recharging {unknown}
 l - 2 scrolls of enchant weapon {unknown}
 o - a scroll of amnesia {unknown}
 s - 2 scrolls of remove curse {unknown}
Potions
 p - a potion of heal wounds {unknown}
Comestibles
 f - a bread ration
 k - a beef jerky


   Skills:
 * Level 3.9 Fighting
 * Level 3.6 Polearms
 + Level 3.0 Armour
 + Level 0.9 Dodging
 + Level 0.3 Stealth
 + Level 2.6 Shields


You had 4 spell levels left.
You didn't know any spells.

Dungeon Overview and Level Annotations

Branches:
Dungeon (3/15)

Altars:

Annotations:
D:3 Grinder


Innate Abilities, Weirdness & Mutations

You have hooves in place of feet.
Armour fits poorly on your strangely shaped body.
You cover ground very quickly.
You have extremely tough skin (AC +3).


Message History

Pain shoots through your body!
You closely miss Grinder. Your kick misses Grinder.
Grinder is lightly wounded.
Grinder gestures at you.
You suddenly lose the ability to move!
Grinder hits you.
You writhe in agony.
Grinder gestures at you. You resist with significant effort.
Grinder hits you but does no damage. Grinder hits you.
You writhe in agony.
* * * LOW HITPOINT WARNING * * *
You can move again.
Drink which item? (? for menu, Esc to quit)
You feel very mighty all of a sudden. Grinder hits you but does no damage.
You barely miss Grinder. You kick Grinder.
Grinder is lightly wounded.
Grinder gestures at you. Pain shoots through your body!
You die...

#...# ..
#.#.### #.#
#...#...# #.
#.#####.#####.#
# #..
#.........# #
#.#..#####..#
#....# ##.#.###
#..@5.# ###.#.#
#.#... #.. ....
### ####.


You could see Grinder.

Vanquished Creatures
  Sigmund (D:3)
  Jessica (D:3)
  2 adders (D:3)
  An ooze (D:2)
  A dart slug (D:1)
  A giant gecko (D:3)
  2 orcs (D:3)
  6 bats
  A giant cockroach (D:1)
  13 goblins
  5 hobgoblins
  2 jackals (D:3)
  3 kobolds
  A ball python (D:2)
  A rat (D:1)
41 creatures vanquished.

Notes
Turn   | Place    | Note
--------------------------------------------------------------
     0 | D:1      | Shearov the Centaur Fighter began the quest for the Orb.
     0 | D:1      | Reached XP level 1. HP: 19/19 MP: 1/1
   331 | D:1      | Reached XP level 2. HP: 21/26 MP: 2/2
   984 | D:2      | Reached XP level 3. HP: 28/31 MP: 3/3
  1620 | D:3      | Noticed Sigmund
  1965 | D:3      | Killed Sigmund
  1965 | D:3      | Reached XP level 4. HP: 36/40 MP: 4/4
  1965 | D:3      | Reached XP level 5. HP: 41/46 MP: 5/5
  2239 | D:3      | Noticed Jessica
  2245 | D:3      | Killed Jessica
  2369 | D:3      | Noticed Grinder
  2376 | D:3      | Paralysed by Grinder for 5 turns
  2382 | D:3      | Killed from afar by Grinder

Skill      XL: |  1  2  3  4  5 |
---------------+----------------+-----
Polearms       | 2 3 |  3.6
Armour         | 3 |  3.0
Fighting       | |  3.9
Dodging        | |  0.9
Stealth        | |  0.3
Shields        | |  2.6

Action                   |  1- 3 |  4- 6 || total
-------------------------+-------+-------++-------
Melee: Trident           |   135 |    40 ||   175
       Kick              |    27 |     6 ||    33
  Use: Potion            |     4 |     1 ||     5
       Scroll            |     2 |       ||     2
  Eat: Pizza             |     1 |       ||     1
       Chunk             |       |     2 ||     2
Armor: Scale mail        |    68 |    21 ||    89
Dodge: Dodged            |    26 |     7 ||    33
Block: Shield            |    62 |    10 ||    72
